 Dungeon Sprint DCSS version 0.29.1-4-g47bece8355 (webtiles) character file.

Game seed: 1278007679314929435

71627 boopmooplesden the Swordmaster (level 14, 0/168 HPs)
             Began as a Minotaur Berserker on Dec 11, 2022.
             Was the Champion of Trog.
             Slain by an emperor scorpion (25 damage)
             ... in the Dungeon (Sprint IX: "|||||||||||||||||||||||||||||").
             The game lasted 00:14:28 (6460 turns).

boopmooplesden the Swordmaster (Minotaur Berserker) Turns: 6460, Time: 00:14:29

Health: 0/168      AC: 39    Str: 25    XL:     14   Next: 98%
Magic:  1/13       EV: 16    Int:  4    God:    Trog [******]
Gold:   1315       SH:  0    Dex: 16    Spells: 13/13 levels left

rFire   + . .      SeeInvis +   b - +12 great sword "Dapim" {vorpal, Dex+4 SInv}
rCold   + + .      Faith    .   (shield currently unavailable)
rNeg    . . .      Spirit   .   O - +4 gold dragon scales
rPois   +          Reflect  .   Q - +1 hat
rElec   .          Harm     .   x - +0 cloak
rCorr   +          Rampage  .   G - +1 pair of gloves of Incorporation {rCorr}
Will    ++...      NoTele   +   P - +0 pair of boots {Stlth+}
Stlth   ..........              (no amulet)
HPRegen 0.38/turn               F - ring of willpower
MPRegen 0.13/turn               B - ring of protection from cold

@: on berserk cooldown, slowed, very slow
A: horns 2, retaliatory headbutt
a: Renounce Religion, Berserk, Trog's Hand, Brothers in Arms


You were in the Dungeon.
You worshipped Trog.
Trog was exalted by your worship.
You visited 1 branch You collected 1939 gold pieces.
You spent 624 gold pieces at shops.

Inventory:

Hand Weapons
 a - a +0 falchion
 b - the +12 great sword "Dapim" (weapon) {vorpal, Dex+4 SInv}
   (Trog gifted it to you in the Dungeon)

   It inflicts extra damage upon your enemies.
   Dex:       It affects your dexterity (+4).
   SInv:      It lets you see invisible.
 d - a +4 antimagic demon blade
 k - a +2 scimitar of flaming
 p - a +3 vorpal double sword
 v - a +2 triple sword
 w - a +0 dagger
 y - the +6 great sword of Optimality {flame, Stlth+}
   (Trog gifted it to you in the Dungeon)

   It burns those it strikes, dealing additional fire damage.
   Big, fiery blades are also staple armaments of hydra-hunters.
   Stlth:     It makes you more stealthy.
 z - the +8 battleaxe "Sukiel" {flame, rF+ Dex+4 Stlth+}
   (Trog gifted it to you in the Dungeon)

   It burns those it strikes, dealing additional fire damage.
   Big, fiery blades are also staple armaments of hydra-hunters.
   Dex:       It affects your dexterity (+4).
   rF:        It protects you from fire.
   Stlth:     It makes you more stealthy.
 A - the +5 great sword of Satyriasis {vorpal, Fly}
   (Trog gifted it to you in the Dungeon)

   It inflicts extra damage upon your enemies.
   Fly:       It grants you flight.
 C - the +9 great sword of Wuwest {vorpal, rF+ Dex+3}
   (Trog gifted it to you in the Dungeon)

   It inflicts extra damage upon your enemies.
   Dex:       It affects your dexterity (+3).
   rF:        It protects you from fire.
 I - a +7 triple sword
Armour
 l - a +0 pair of boots
 m - a +2 chain mail
 r - a +2 cloak of preservation
 x - a +0 cloak (worn)
 G - the +1 pair of gloves of Incorporation (worn) {rCorr}
   (You found it in the Dungeon)

   rCorr:     It protects you from acid and corrosion.
 H - a +6 plate armour of positive energy
 O - +4 gold dragon scales (worn)
 P - a +0 pair of boots of stealth (worn)
 Q - a +1 hat (worn)
 U - +2 fire dragon scales {Xtahua}
Jewellery
 n - a +2 ring of evasion
 o - a +2 ring of evasion
 B - a ring of protection from cold (right hand)
 D - a ring of see invisible
 E - a ring of fire
 F - a ring of willpower (left hand)
 J - a +6 ring of strength
 K - a +6 ring of dexterity
 L - a +6 ring of dexterity
 M - a +6 ring of intelligence
 N - a ring of protection from fire
Wands
 j - a wand of iceblast (10)
Scrolls
 h - 3 scrolls of blinking
 s - 3 scrolls of fog
 t - 2 scrolls of identify
 u - 5 scrolls of fear
Potions
 c - 8 potions of curing
 e - 3 potions of haste
 f - 4 potions of magic
 g - 3 potions of berserk rage
 i - a potion of invisibility
 q - 3 potions of might
 R - a potion of resistance
 S - 2 potions of heal wounds
 T - a potion of cancellation {unknown}


   Skills:
 O Level 27 Fighting
 O Level 27 Long Blades
 O Level 27 Armour
 + Level 21.4 Dodging
 + Level 3.6 Stealth


You had 13 spell levels left.
You didn't know any spells.
Your spell library was empty.

Dungeon Overview and Level Annotations

Branches:
Dungeon (1/1)

Altars:
Cheibriados
Dithmenos
Elyvilon
Fedhas
Gozag
Hepliaklqana
Kikubaaqudgha
Makhleb
Nemelex Xobeh
Okawaru
Qazlal
Ru
Sif Muna
Trog
Uskayaw
Vehumet
Wu Jian
Xom
Yredelemnul
Zin
The Shining One
Jiyva
Lugonu

Shops:
D ?=::


Innate Abilities, Weirdness & Mutations

You have a pair of horns on your head.
You reflexively headbutt those who attack you in melee.


Message History

The ghost moth stares at you.
You feel your power leaking away.
The emperor scorpion attacks as you move away!
The emperor scorpion barely misses you. You furiously retaliate!
You headbutt the emperor scorpion.
The emperor scorpion closely misses you.
The emperor scorpion claws you but does no damage.
The ghost moth stares at you.
The emperor scorpion completely misses you.
The emperor scorpion closely misses you.
The emperor scorpion claws you.
The emperor scorpion stings you but does no damage.
The emperor scorpion claws you!
The emperor scorpion closely misses you.
You completely miss the emperor scorpion.
You headbutt the emperor scorpion, but do no damage.
The emperor scorpion is severely wounded.
The emperor scorpion stings you but does no damage.
The emperor scorpion claws you but does no damage. x2
The emperor scorpion closely misses you.
You furiously retaliate!
You headbutt the emperor scorpion, but do no damage.
The emperor scorpion claws you!
The emperor scorpion claws you but does no damage.
The ghost moth stares at you.
Unknown command.
You slice the emperor scorpion!!
The emperor scorpion is almost dead.
The emperor scorpion stings you! The emperor scorpion barely misses you.
The emperor scorpion claws you but does no damage.
The ghost moth stares at you. The emperor scorpion stings you!!
* * * LOW HITPOINT WARNING * * *
The emperor scorpion claws you but does no damage.
The emperor scorpion barely misses you.
You hit the emperor scorpion but do no damage.
You headbutt the emperor scorpion, but do no damage.
The emperor scorpion is almost dead.
The emperor scorpion stings you!!
You die...

▓▓▓▓▓▓▓▓▓▓▓▓▓▓▓
▓...@syyyss..s.
▓.▓▓▓▓▓▓▓▓▓▓▓▓▓▓▓▓▓▓▓
▓.............†......
▓▓▓▓▓▓▓▓▓▓▓▓▓▓▓▓▓▓▓▓▓
▓............'.......
▓.▓▓▓▓▓▓▓▓▓▓▓▓▓▓▓▓▓▓▓
▓....................
▓▓▓▓▓▓▓▓▓▓▓▓▓▓▓▓▓▓▓▓▓
▓.)...............[.)


You could see 3 emperor scorpions, a ghost moth (invisible) and 2 moths of
wrath.

Vanquished Creatures
  Frederick (D)
  Xtahua (D)
  Nikola (D)
  A thorn hunter (D)
  A sphinx (D)
  A nagaraja (D)
  A tengu reaver (D)
  A ghost moth (D)
  5 stone giants (D)
  An entropy weaver (D)
  Nessos (D)
  Azrael (D)
  A spark wasp (D)
  A red draconian (D)
  A deep elf death mage (D)
  2 fire dragons (D)
  4 ettins (D)
  2 yaktaur captains (D)
  2 ice dragons (D)
  A great orb of eyes (D)
  3 ogre magi (D)
  A ghost crab (D)
  Erolcha (D)
  2 centaur warriors (D)
  6 hydras (D)
  A deep troll shaman (D)
  5 two-headed ogres (D)
  An ironbound frostheart (D)
  An alligator snapping turtle (D)
  A deep troll earth mage (D)
  A death yak (D)
  An alligator (D)
  An orc high priest (D)
  A tengu warrior (D)
  A shock serpent (D)
  A hell knight (D)
  3 sea snakes (D)
  A skeletal warrior (D)
  A flayed ghost (D)
  An orc knight (D)
  A bog body (D)
  A swamp dragon (D)
  An ironbound convoker (D)
  A necromancer (D)
  A wizard (D)
  A lindwurm (D)
  A harpy (D)
  A manticore (D)
  2 cyclopes (D)
  An orc sorcerer (D)
  An ugly thing (D)
  2 wolf spiders (D)
  3 black mambas (D)
  A moth of wrath (D)
  A guardian serpent (D)
  A merfolk siren (D)
  An elephant (D)
  A vault sentinel (D)
  2 torpor snails (D)
  A cane toad (D)
  A demonic crawler (D)
  A rime drake (D)
  4 komodo dragons (D)
  A tengu conjurer (D)
  A wind drake (D)
  A meliai (D)
  A troll (D)
  4 polar bears (D)
  A tyrant leech (D)
  2 slime creatures (D)
  2 snapping turtles (D)
  A blink frog (D)
  A jumping spider (D)
  A spriggan (shapeshifter) (D)
  3 yaks (D)
  A basilisk (D)
  2 fire elementals (D)
  A redback (D)
  A wyvern (D)
  An acid dragon (D)
  2 hell hounds (D)
  3 nagas (D)
  A water moccasin (D)
  A floating eye (D)
  10 orc warriors (D)
  4 black bears (D)
  5 ogres (D)
  A centaur (D)
  4 bullfrogs (D)
  A killer bee (D)
  A jelly (D)
  2 orc priests (D)
  An iguana (D)
  3 orc wizards (D)
  A gnoll (D)
  9 orcs (D)
  An endoplasm (D)
  A giant cockroach (D)
  2 hobgoblins (D)
  A frilled lizard (D)
174 creatures vanquished.

Vanquished Creatures (collateral kills)
  2 ironbound preservers (D)
  A spriggan defender (D)
  An ironbound thunderhulk (D)
  3 stone giants (D)
  2 yaktaur captains (D)
  2 great orbs of eyes (D)
  An ironbound convoker (D)
  A harpy (D)
  A deep elf pyromancer (D)
  A yaktaur (D)
  A slime creature (D)
  A jumping spider (D)
17 creatures vanquished.

Vanquished Creatures (others)
  A hydra (D)
1 creature vanquished.

Grand Total: 192 creatures vanquished

Notes
Turn   | Place    | Note
-------+----------+-------------------------------------------
     0 | D        | boopmooplesden the Minotaur Berserker began the quest for
                  | the Orb.
     0 | D        | Reached XP level 1. HP: 19/19 MP: 0/0
    13 | D        | Reached ** piety under Trog
   139 | D        | Noticed a jelly
   139 | D        | Noticed an iguana
   139 | D        | Noticed a centaur
   142 | D        | Killed a jelly
   143 | D        | Reached XP level 2. HP: 28/30 MP: 1/1
   143 | D        | Reached XP level 3. HP: 34/37 MP: 2/2
   143 | D        | Reached *** piety under Trog
   147 | D        | Killed a centaur
   148 | D        | Reached XP level 4. HP: 46/49 MP: 3/3
   148 | D        | Reached XP level 5. HP: 53/56 MP: 4/4
   258 | D        | Found a snail-covered altar of Cheibriados.
   258 | D        | Found a shadowy altar of Dithmenos.
   258 | D        | Found a white marble altar of Elyvilon.
   258 | D        | Found a blossoming altar of Fedhas.
   258 | D        | Found an opulent altar of Gozag.
   259 | D        | Found a hazy altar of Hepliaklqana.
   260 | D        | Found a viscous altar of Jiyva.
   261 | D        | Found an ancient bone altar of Kikubaaqudgha.
   262 | D        | Found a corrupted altar of Lugonu.
   263 | D        | Found a burning altar of Makhleb.
   264 | D        | Found a sparkling altar of Nemelex Xobeh.
   265 | D        | Found an iron altar of Okawaru.
   266 | D        | Found a stormy altar of Qazlal.
   267 | D        | Found a sacrificial altar of Ru.
   268 | D        | Found a shimmering blue altar of Sif Muna.
   269 | D        | Found a bloodstained altar of Trog.
   270 | D        | Found a hide-covered altar of Uskayaw.
   271 | D        | Found a radiant altar of Vehumet.
   272 | D        | Found an ornate altar of the Wu Jian Council.
   273 | D        | Found a shimmering altar of Xom.
   274 | D        | Found a basalt altar of Yredelemnul.
   275 | D        | Found a glowing silver altar of Zin.
   276 | D        | Found a glowing golden altar of the Shining One.
   323 | D        | Noticed a troll
   323 | D        | Noticed an acid dragon
   323 | D        | Noticed a yak
   323 | D        | Noticed a yak
   323 | D        | Noticed an orc warrior
   330 | D        | Killed a troll
   331 | D        | Reached skill level 10 in Fighting
   331 | D        | Reached skill level 10 in Long Blades
   331 | D        | Reached skill level 5 in Dodging
   331 | D        | Reached XP level 6. HP: 67/67 MP: 5/5
   331 | D        | Reached **** piety under Trog
   335 | D        | Killed an acid dragon
   336 | D        | Reached XP level 7. HP: 64/74 MP: 6/6
   338 | D        | Killed a yak
   341 | D        | Killed a yak
   345 | D        | Reached ***** piety under Trog
   757 | D        | Noticed a tengu conjurer
   757 | D        | Noticed a spriggan
   757 | D        | Noticed a deep elf pyromancer
   757 | D        | Noticed a cyclops
   757 | D        | Noticed a slime creature
   757 | D        | Noticed an eight-headed hydra
   761 | D        | Killed a tengu conjurer
   762 | D        | Reached skill level 1 in Stealth
   762 | D        | Reached XP level 8. HP: 86/86 MP: 7/7
   769 | D        | Killed a cyclops
   772 | D        | Killed a slime creature
   776 | D        | Killed a five-headed hydra
   776 | D        | Received a gift from Trog
   777 | D        | Reached skill level 15 in Fighting
   777 | D        | Reached skill level 15 in Long Blades
   777 | D        | Reached skill level 10 in Armour
   777 | D        | Reached XP level 9. HP: 38/97 MP: 8/8
   783 | D        | Killed a deep elf pyromancer
  1498 | D        | Noticed a cane toad
  1498 | D        | Noticed a komodo dragon
  1498 | D        | Noticed a komodo dragon
  1498 | D        | Noticed a death yak
  1502 | D        | Killed a cane toad
  1507 | D        | Killed a komodo dragon
  1517 | D        | Killed a death yak
  1518 | D        | Reached XP level 10. HP: 110/110 MP: 9/9
  1525 | D        | Received a gift from Trog
  1671 | D        | Noticed an elephant
  1674 | D        | Reached ****** piety under Trog
  1674 | D        | Noticed a seven-headed hydra
  1687 | D        | Killed an elephant
  1695 | D        | Received a gift from Trog
  1700 | D        | Killed a three-headed hydra
  2010 | D        | Received a gift from Trog
  2015 | D        | Reached XP level 11. HP: 112/121 MP: 10/10
  2293 | D        | Noticed an orc high priest
  2302 | D        | Identified the +12 great sword "Dapim" {vorpal, Dex+4 SInv}
                  | (Trog gifted it to you in the Dungeon)
  2302 | D        | Received a gift from Trog
  2310 | D        | Killed an orc high priest
  2327 | D        | Received a gift from Trog
  2478 | D        | Noticed an orc sorcerer
  2478 | D        | Noticed an orc knight
  2484 | D        | Killed an orc sorcerer
  2485 | D        | Reached skill level 15 in Armour
  2489 | D        | Killed an orc knight
  2489 | D        | Identified the +8 battleaxe "Sukiel" {flame, rF+ Dex+4
                  | Stlth+} (Trog gifted it to you in the Dungeon)
  2489 | D        | Received a gift from Trog
  2507 | D        | Received a gift from Trog
  2688 | D        | Found Lysed's Magic Scroll Emporium.
  2688 | D        | Noticed a two-headed ogre
  2688 | D        | Noticed an ogre mage
  2688 | D        | Noticed a two-headed ogre
  2692 | D        | Killed a two-headed ogre
  2693 | D        | Noticed an ogre mage
  2694 | D        | Found Ciodioh's Jewellery Shoppe.
  2696 | D        | Killed an ogre mage
  2700 | D        | Killed a two-headed ogre
  2700 | D        | Identified the +9 great sword of Wuwest {vorpal, rF+ Dex+3}
                  | (Trog gifted it to you in the Dungeon)
  2700 | D        | Received a gift from Trog
  2701 | D        | Found Ragoph's Book Emporium.
  2703 | D        | Killed an ogre mage
  2706 | D        | Found Yjarphu's Book Shoppe.
  2709 | D        | Noticed a two-headed ogre
  2709 | D        | Noticed a two-headed ogre
  2710 | D        | Noticed a two-headed ogre
  2714 | D        | Killed a two-headed ogre
  2714 | D        | Identified the +5 great sword of Satyriasis {vorpal, Fly}
                  | (Trog gifted it to you in the Dungeon)
  2714 | D        | Received a gift from Trog
  2716 | D        | Killed a two-headed ogre
  2720 | D        | Killed a two-headed ogre
  2721 | D        | Noticed an ogre mage
  2730 | D        | Killed an ogre mage
  2731 | D        | Reached XP level 12. HP: 70/136 MP: 11/11
  2749 | D        | Bought a scroll of acquirement for 624 gold pieces
  2761 | D        | Acquired a manual of Armour
  3043 | D        | Got the +1 pair of gloves of Incorporation {rCorr}
  3133 | D        | Noticed a five-headed hydra
  3133 | D        | Noticed a centaur warrior
  3133 | D        | Noticed a tengu warrior
  3138 | D        | Killed a seven-headed hydra
  3139 | D        | Noticed an eight-headed hydra
  3141 | D        | Killed a centaur warrior
  3141 | D        | Noticed a stone giant
  3148 | D        | Noticed a deep troll shaman
  3151 | D        | Killed a tengu warrior
  3151 | D        | Identified the +6 great sword of Optimality {flame, Stlth+}
                  | (Trog gifted it to you in the Dungeon)
  3151 | D        | Received a gift from Trog
  3152 | D        | Noticed a stone giant
  3154 | D        | Noticed a stone giant
  3155 | D        | Noticed a fire dragon
  3157 | D        | Killed a ten-headed hydra
  3159 | D        | Noticed an ice dragon
  3160 | D        | Killed a stone giant
  3161 | D        | Noticed a stone giant
  3163 | D        | Killed a deep troll shaman
  3169 | D        | Killed a stone giant
  3174 | D        | Killed a stone giant
  3180 | D        | Killed a fire dragon
  3180 | D        | Received a gift from Trog
  3186 | D        | Killed an ice dragon
  3192 | D        | Killed a stone giant
  3415 | D        | Noticed Erolcha
  3424 | D        | Killed Erolcha
  3490 | D        | Noticed an entropy weaver
  3497 | D        | Received a gift from Trog
  3502 | D        | Killed an entropy weaver
  3506 | D        | Reached XP level 13. HP: 136/150 MP: 12/12
  3511 | D        | Received a gift from Trog
  3785 | D        | Noticed a thorn hunter
  3799 | D        | Killed a thorn hunter
  3803 | D        | Received a gift from Trog
  3943 | D        | Received a gift from Trog
  4110 | D        | Noticed a nagaraja
  4114 | D        | Killed a nagaraja
  4118 | D        | Reached skill level 27 in Long Blades
  4119 | D        | Received a gift from Trog
  4424 | D        | Noticed Azrael
  4431 | D        | Killed Azrael
  4431 | D        | Received a gift from Trog
  4494 | D        | Noticed an ettin
  4494 | D        | Noticed an ettin
  4494 | D        | Noticed a stone giant
  4497 | D        | Noticed a spriggan defender
  4498 | D        | Killed an ettin
  4501 | D        | Noticed a stone giant
  4504 | D        | Noticed a stone giant
  4505 | D        | Killed a stone giant
  4506 | D        | Reached skill level 27 in Fighting
  4507 | D        | Killed an ettin
  4508 | D        | Noticed a fire dragon
  4513 | D        | Received a gift from Trog
  4513 | D        | Paralysed by a floating eye for 4 turns
  4516 | D        | Noticed a spark wasp
  4519 | D        | Noticed a tengu reaver
  4520 | D        | Paralysed by a floating eye for 2 turns
  4525 | D        | Paralysed by a floating eye for 3 turns
  4528 | D        | HP: 4/159 [spriggan defender/+0 rapier of holy wrath (16)]
  4530 | D        | Killed a spriggan defender
  4533 | D        | Killed a stone giant
  4533 | D        | Paralysed by a floating eye for 2 turns
  4558 | D        | Killed a stone giant
  4559 | D        | Reached XP level 14. HP: 89/168 MP: 13/13
  4590 | D        | Killed a tengu reaver
  4590 | D        | Received a gift from Trog
  4596 | D        | Reached skill level 10 in Dodging
  5015 | D        | Received a gift from Trog
  5030 | D        | Noticed a stone giant
  5037 | D        | Killed a stone giant
  5195 | D        | Received a gift from Trog
  5196 | D        | Noticed an ironbound thunderhulk
  5202 | D        | Noticed an ironbound preserver
  5205 | D        | Reached skill level 27 in Armour
  5211 | D        | Noticed an ironbound preserver
  5213 | D        | Paralysed by a great orb of eyes for 3 turns
  5217 | D        | Received a gift from Trog
  5225 | D        | Killed an ironbound thunderhulk
  5230 | D        | Killed an ironbound preserver
  5236 | D        | Killed an ironbound preserver
  5240 | D        | Received a gift from Trog
  5243 | D        | Reached skill level 15 in Dodging
  5251 | D        | Noticed a sphinx
  5261 | D        | Received a gift from Trog
  5264 | D        | Killed a sphinx
  5602 | D        | Noticed Nikola
  5630 | D        | Killed Nikola
  5630 | D        | Received a gift from Trog
  6085 | D        | Noticed Nessos
  6088 | D        | Noticed Frederick
  6101 | D        | Killed Frederick
  6105 | D        | Killed Nessos
  6276 | D        | Noticed Xtahua
  6286 | D        | Killed Xtahua
  6439 | D        | Noticed a ghost moth
  6439 | D        | Noticed an emperor scorpion
  6445 | D        | Noticed a ghost moth
  6447 | D        | Noticed an emperor scorpion
  6448 | D        | Killed a ghost moth
  6448 | D        | Received a gift from Trog
  6450 | D        | Noticed an emperor scorpion
  6460 | D        | Slain by an emperor scorpion

Illustrated notes

Levels and vault maps discovered:
D:        linesprint [early_d, line_temple, items_1, d_10, items_2, lair_1,
          lair_end, items_3, orc_1, orc_end, items_4, d_15, swamp_1, shoals_1,
          snake_1, spider_1, d_20, vaults_1, items_5, swamp_end, shoals_end,
          snake_end, spider_end, vaults_end, d_27, items_6, zot_1, zot_end,
          crypt_end, forest_end, elf_end, slime_end, tomb_end, abyss_end,
          pan_hell_end]

Skill      XL: |  1  2  3  4  5  6  7  8  9 10 11 12 13 14 |
---------------+-------------------------------------------+-----
Fighting       | 6 8 10 11 13 15 16 18 21 23 27 | 27.0
Long Blades    | 6 8 10 11 13 15 17 19 22 25 27 | 27.0
Armour         | 3 4 6 8 10 12 14 16 19 24 27 | 27.0
Dodging        | 3 4 5 6 7 8 9 21 | 21.4
Stealth        | 1 2 3 |  3.6

Action                   |  1- 3 |  4- 6 |  7- 9 | 10-12 | 13-15 || total
-------------------------+-------+-------+-------+-------+-------++-------
Melee: Falchion          |    18 |     2 |       |       |       ||    20
       Headbutt          |     5 |     2 |    12 |    41 |    49 ||   109
       Scimitar          |       |    10 |    25 |    11 |       ||    46
       Double sword      |       |       |    16 |    29 |       ||    45
       Triple sword      |       |       |       |    52 |       ||    52
       Punch             |       |       |       |     1 |       ||     1
       Great sword       |       |       |       |   118 |   222 ||   340
Invok: Berserk           |     1 |     1 |     2 |     7 |    11 ||    22
       Brothers in Arms  |       |       |     1 |     1 |     4 ||     6
       Trog's Hand       |       |       |       |     2 |     3 ||     5
  Use: Potion            |       |       |     2 |     3 |     3 ||     8
       Scroll            |       |       |       |     5 |     7 ||    12
Armor: Animal skin       |     1 |       |       |       |       ||     1
       Chain mail        |       |     4 |    13 |    50 |       ||    67
       Plate armour      |       |       |       |    35 |   100 ||   135
       Gold dragon scale |       |       |       |       |    39 ||    39
Dodge: Dodged            |    10 |     8 |    29 |   124 |   130 ||   301
